[Event "*** Titled Tuesday Blitz"]
[Site "Chess.com"]
[Date "2018.06.05"]
[Round "3"]
[White "AndreyOstrovskiy"]
[Black "Zhuu96"]
[Result "0-1"]
[WhiteElo "2660"]
[BlackElo "2932"]
[TimeControl "180+2"]
[EndTime "13:41:23 PDT"]
[Termination "Zhuu96 won by resignation"]

1. e4 c5 2. Nf3 Nc6 3. d4 cxd4 4. Nxd4 Nf6 5. Nc3 e5 6. Ndb5 d6 7. Bg5 a6 8. Na3 b5 9. Nd5 Be7 10. Bxf6 Bxf6 11. c4 b4 12. Nc2 O-O 13. g3 Bg5 14. Bg2 Qa5 15. O-O Qc5 16. b3 a5 17. a3 bxa3 18.
Rxa3 Rb8 19. Kh1 f5 20. f4 Bd8 21. Qd3 Kh8 22. Raa1 Be6 23. Rad1 Ne7 24. fxe5 dxe5 25.
Nxe7 Bxe7 26. exf5 Bg8 27. Ne3 Qa3 28. Nd5 Rxb3 29. Qe4 Bxd5 30. cxd5 Qd6 31. Rc1 Rb4 32. Qe2 Rb6 33. Rc6 Rxc6 34. dxc6 a4 35. Rd1 Qc5 36. Be4 a3 37. Rd7 Ra8 38. f6 a2 39. fxg7+ Kg8 40.
Bd5+ Qxd5+ 41. Rxd5 a1=Q+ 42. Rd1 Qa4 43. Rc1 Qd4 44. c7 Qd5+ 45. Qg2 Qxg2+ 46. Kxg2 Rc8 47. Kf3 Kxg7 48. Rc6 Kf7 49. Ke4 Bf6 50. Kf5 Bg7 51. g4 Ke7 52. h4 Kd7 53. Rc2 Rxc7 54. Rd2+ Ke7 55. g5 Rc4 56. Rf2 Rxh4 57. g6 Rh5+ 58. Kg4 0-1

[Event "*** Titled Tuesday Blitz"]
[Site "Chess.com"]
[Date "2018.06.05"]
[Round "3"]
[White "Sanan_Sjugirov"]
[Black "Keranke"]
[Result "0-1"]
[WhiteElo "2708"]
[BlackElo "2733"]
[TimeControl "180+2"]
[EndTime "13:41:25 PDT"]
[Termination "Keranke won by resignation"]

1. e4 g6 2. d4 Bg7 3. Nc3 d6 4. Bg5 a6 5. Qd2 b5 6. f4 Nd7 7.
Nf3 c5 8. e5 cxd4 9. Nd5 dxe5 10. fxe5 Nxe5 11. Nb4 Nxf3+ 12. gxf3 Bb7 13. Bg2 Nf6 14.
O-O-O a5 15. Nd3 O-O 16. Rhe1 Rc8 17. Kb1 Nd5 18. f4 Qd7 19. Bxd5 Qxd5 20. Bxe7 Rfe8 21. Bh4 b4 22. b3 Qf5 23. Ne5 Be4 24. Rc1 Bh6 25.
Qxd4 Bxc2+ 26. Kb2 Qxf4 27. Qxf4 Bxf4 28. Rxc2 Bxe5+ 29.
Kb1 Bc3 30. Rf1 f5 31. Bg3 Rcd8 32. Bc7 Rd5 33. a3 Re7 34. Bb6 Red7 35. Rfc1 f4 36. Ka2 Rf5 37. Re2 f3 38. Re8+ Kf7 39. Ra8 Rd2+ 40. Kb1 Rb2+ 41. Ka1 Rxb3+ 42. Ka2 Rxa3+ 43. Kb1 Ra1+ 44. Kc2 Rxc1+ 45. Kxc1 f2 0-1

[Event "*** Titled Tuesday Blitz"]
[Site "Chess.com"]
[Date "2018.06.05"]
[Round "3"]
[White "TigranLPetrosyan"]
[Black "leoo2001"]
[Result "1-0"]
[WhiteElo "2814"]
[BlackElo "2140"]
[TimeControl "180+2"]
[EndTime "13:41:27 PDT"]
[Termination "TigranLPetrosyan won by resignation"]

1. e4 e5 2. Nf3 Nc6 3. Bb5 a6 4. Bxc6 dxc6 5. O-O Bd6 6. d4 exd4 7. Qxd4 f6 8. Be3 Ne7 9. Nbd2 Be6 10. Rfd1 Ng6 11. Nc4 Bxc4 12. Qxc4 Qe7 13. Nd4 Qxe4 14. Re1 O-O-O 15.
Qe6+ Qxe6 16. Nxe6 Rd7 17. Nc5 Re7 18. Nd3 Rhe8 19. Rad1 b6 20. b3 c5 21. c4 Kd7 22.
Kf1 Kc6 23. g3 a5 24. a4 Ne5 25. Nxe5+ Bxe5 26. Rd3 Bd4 27. Bd2 Rxe1+ 28. Bxe1 Re6 29. Bd2 Be5 30. g4 Rd6 31. Rxd6+ Kxd6 32. f4 Bd4 33. Ke2 g6 34. Kf3 f5 35. h3 Bf6 36. Be3 c6 37. Bf2 Kc7 38. Bg3 h5 39. Be1 Kd6 40. Bf2 Ke6 41.
Be1 Kd6 42. Bf2 Ke7 43. Kg3 Kf7 44. Be1 Kg7 45. Kf3 Kf7 46. Bg3 Ke6 47. Bf2 Kf7 48. Be1 Ke6 49. Bd2 Kf7 50. Be3 Ke6 51. Bd2 Bd4 52. Bc1 Kf7 53. Bd2 Bf6 54. Be1 Ke6 55. Kg3 Bd4 56. gxh5 gxh5 57. Kh4 Be3 58. Bg3 Kf6 59.
Kxh5 b5 60. Bh4+ Ke6 61. Kg5 Bd4 62. Kg6 Be3 63. Bg5 bxc4 64. bxc4 Bd4 65. h4 1-0

[Event "*** Titled Tuesday Blitz"]
[Site "Chess.com"]
[Date "2018.06.05"]
[Round "3"]
[White "alpasya2009"]
[Black "Rakhmanov_Aleksandr"]
[Result "0-1"]
[WhiteElo "2408"]
[BlackElo "2690"]
[TimeControl "180+2"]
[EndTime "13:41:32 PDT"]
[Termination "Rakhmanov_Aleksandr won on time"]

1. d4 Nf6 2. Bf4 c5 3. d5 d6 4.
Nc3 e5 5. Bg5 Be7 6. e4 Nxd5 7.
Bxe7 Nxe7 8. Nb5 d5 9. exd5 a6 10. Nc3 Nf5 11. Nf3 O-O 12. Be2 Re8 13. O-O Nd6 14. a4 e4 15. Nd2 Nd7 16. Nc4 Nf6 17. a5 Bf5 18. Nb6 Rb8 19. Re1 Qc7 20. h3 Re5 21.
Nc4 Re7 22. Ne3 Bg6 23. Bg4 Rbe8 24. Ra4 Re5 25. Be2 Nd7 26. Nc4 Nxc4 27. Bxc4 Qd6 28. Re3 f5 29. g3 h6 30. Ne2 Bf7 31. h4 g5 32. hxg5 hxg5 33. Rb3 f4 34. Rxb7 e3 35. f3 fxg3 36. Nxg3 Rxd5 37. Bxd5 Qxg3+ 38. Kh1 e2 39. Bxf7+ Kg7 40. Qg1 Rh8+ 0-1

[Event "*** Titled Tuesday Blitz"]
[Site "Chess.com"]
[Date "2018.06.05"]
[Round "3"]
[White "kungmongmanh"]
[Black "Next_Touch"]
[Result "0-1"]
[WhiteElo "2401"]
[BlackElo "2699"]
[TimeControl "180+2"]
[EndTime "13:41:36 PDT"]
[Termination "Next_Touch won on time"]

1. d4 Nf6 2. c4 e6 3. Nc3 Bb4 4. Qc2 d5 5. cxd5 exd5 6. Bg5 c5 7. dxc5 h6 8. Bh4 Be6 9. e3 O-O 10. Nf3 Nbd7 11. a3 Bxc3+ 12. Qxc3 g5 13. Bg3 Ne4 14. Qc2 Ndxc5 15. b4 Rc8 16. bxc5 Qa5+ 17. Nd2 Rxc5 18.
Qb2 Rfc8 19. Bd3 Rc2 20. Qb4 Rc1+ 21. Ke2 Nc3+ 22. Qxc3 R1xc3 23. Rhd1 Rxd3 24. Kxd3 Qa6+ 25. Kd4 f6 26. Rac1 Rxc1 27. Rxc1 Qxa3 28. Rc7 Qb2+ 29. Kd3 Qb5+ 30. Kc3 a5 31. Nf3 Qb4+ 32. Kc2 Bf5+ 33. Kc1 a4 34. Nd4 Bd3 35. Nc2 Bxc2 36. Rxc2 a3 37.
f3 Qb3 0-1

[Event "*** Titled Tuesday Blitz"]
[Site "Chess.com"]
[Date "2018.06.05"]
[Round "3"]
[White "Litti"]
[Black "plouarzel"]
[Result "0-1"]
[WhiteElo "2297"]
[BlackElo "2425"]
[TimeControl "180+2"]
[EndTime "13:41:37 PDT"]
[Termination "plouarzel won by resignation"]

1. e4 d6 2. d4 Nf6 3. Bd3 e5 4.
c3 d5 5. dxe5 Nxe4 6. Nf3 Nc6 7.
Nbd2 Nc5 8. Bb1 Bg4 9. b4 Ne6 10. b5 Nxe5 11. Qa4 Bxf3 12. Nxf3 Nxf3+ 13. gxf3 Be7 14. Rg1 O-O 15. Qc2 g6 16. Bh6 Re8 17. Kf1 Bf6 18.
f4 Ng7 19. f5 Qd7 20. Qd3 Kh8 21. fxg6 fxg6 22. Qf3 Rf8 23. Bxg6 hxg6 24. Rxg6 Qf5 25. Qg3 Rf7 26. Re1 Kh7 27. Rg4 Nh5 28. Qh3 Kxh6 29.
Re3 Bg5 30. Re2 Raf8 31. Kg2 Qxf2+ 32. Rxf2 Rxf2+ 33. Kg1 Rxa2 34. Qd3 Ra1+ 35. Kg2 Nf4+ 36. Rxf4 Rxf4 37. Qh3+ Bh4 38. Qe6+ Rf6 39. Qxd5 Rf2+ 40. Kh3 Bf6 41. Qxb7 Rg1 42. Qc6 Rf4 43. Qe4 Rxe4 0-1

[Event "*** Titled Tuesday Blitz"]
[Site "Chess.com"]
[Date "2018.06.05"]
[Round "3"]
[White "Gvalch"]
[Black "SCIM"]
[Result "1-0"]
[WhiteElo "2615"]
[BlackElo "2379"]
[TimeControl "180+2"]
[EndTime "13:41:40 PDT"]
[Termination "Gvalch won by checkmate"]

1. d4 d5 2. c4 e6 3. Nf3 Nf6 4. g3 dxc4 5. Bg2 a6 6. O-O Nc6 7. e3 Bd7 8. Qe2 Bd6 9. Qxc4 O-O 10. Rd1 Rb8 11. a3 Qe7 12. Nc3 e5 13. dxe5 Nxe5 14.
Nxe5 Bxe5 15. e4 Be6 16. Qe2 Rfd8 17. Be3 Rxd1+ 18. Rxd1 Rd8 19. Rxd8+ Qxd8 20. f4 Bd4 21. h3 h5 22. e5 Bxe3+ 23. Qxe3 Nd5 24. Qd4 c6 25.
Ne4 Qa5 26. Nd2 g6 27. Kh2 Qb5 28. Bf1 Qa5 29. Nf3 Bf5 30. Bg2 Qb5 31. Ng5 Qe2 32. e6 fxe6 33. Qa7 Qxb2 34. Qb8+ Kg7 35. Qe8 Qf6 36.
Qd7+ Qe7 37. Qc8 Qxa3 38. Bxd5 exd5 39. Qc7+ Kg8 40. Qf7+ Kh8 41. Qh7# 1-0

[Event "*** Titled Tuesday Blitz"]
[Site "Chess.com"]
[Date "2018.06.05"]
[Round "3"]
[White "lupta_robin"]
[Black "Buffy7"]
[Result "1-0"]
[WhiteElo "2436"]
[BlackElo "2706"]
[TimeControl "180+2"]
[EndTime "13:41:41 PDT"]
[Termination "lupta_robin won by checkmate"]

1. e4 c5 2. Nf3 d6 3. d4 cxd4 4. Nxd4 Nf6 5. Nc3 Nc6 6. Bg5 e6 7. Qd2 a6 8. f4 Bd7 9. O-O-O b5 10. Bxf6 gxf6 11. Kb1 Qb6 12. Nxc6 Bxc6 13. f5 Qc5 14. fxe6 fxe6 15. Bd3 h5 16. Rhf1 Bh6 17. Qe2 Qe5 18. Qf3 Bg5 19. g3 h4 20. Ne2 O-O-O 21. Nf4 Rhg8 22.
Qe3 Kb7 23. Qf2 hxg3 24. hxg3 Rd7 25. Rh1 Re7 26. Rhe1 Qc5 27. Qe2 Qe5 28. Qf3 Qc5 29. Qe2 Bh6 30. Qf3 Qg5 31. Rh1 Bf8 32. Nh5 f5 33. Qe2 Qg4 34. Qe1 Qg5 35. exf5 Bxh1 36. Qxh1+ d5 37. fxe6 Rxe6 38. Nf4 Rd6 39. Be2 Qxg3 40.
Nxd5 Kb8 41. Qe4 Qg5 42. Bf3 Qd8 43. Nc3 Rxd1+ 44. Nxd1 Bc5 45. Qb7# 1-0

[Event "*** Titled Tuesday Blitz"]
[Site "Chess.com"]
[Date "2018.06.05"]
[Round "3"]
[White "comedy_of_errors"]
[Black "sergeikim"]
[Result "1-0"]
[WhiteElo "2587"]
[BlackElo "2377"]
[TimeControl "180+2"]
[EndTime "13:41:44 PDT"]
[Termination "comedy_of_errors won by resignation"]

1. Nf3 Nf6 2. g3 g6 3. b3 Bg7 4. Bb2 O-O 5. Bg2 d6 6. d4 e5 7. dxe5 Nfd7 8. O-O dxe5 9. Nc3 Nc6 10. Qc1 f5 11. e4 f4 12. Qd2 a5 13. Rad1 Nc5 14.
Qxd8 Rxd8 15. Rxd8+ Nxd8 16. Nd5 c6 17. Ne7+ Kf7 18.
Nxc8 Rxc8 19. Nxe5+ Kg8 20. Rd1 Nde6 21. Bh3 Re8 22.
Bxe6+ Nxe6 23. f3 g5 24. Nc4 Bxb2 25. Nxb2 c5 26. c3 h5 27. Rd5 g4 28. Kg2 Rf8 29.
Rf5 Rxf5 30. exf5 Ng5 31. fxg4 f3+ 32. Kf2 hxg4 33. Ke3 Kf7 34. Nd3 Kf6 35. Nxc5 Kxf5 36. Nxb7 Ne4 37. c4 a4 38. bxa4 Nc3 39. a5 Nd1+ 40. Kd2 Nb2 41. a6 Nxc4+ 42. Ke1 Ke4 43. Kf2 Kd5 44. a7 Nb6 45. Na5 Kc5 46. Nb3+ Kc4 47.
Nd2+ Kd4 48. Nf1 Ke4 49. Ne3 1-0

[Event "*** Titled Tuesday Blitz"]
[Site "Chess.com"]
[Date "2018.06.05"]
[Round "3"]
[White "Gareth-Bale11"]
[Black "LornerAcosta"]
[Result "0-1"]
[WhiteElo "2442"]
[BlackElo "2313"]
[TimeControl "180+2"]
[EndTime "13:41:45 PDT"]
[Termination "LornerAcosta won by checkmate"]

1. e4 c5 2. Nc3 Nc6 3. Nf3 e6 4. g3 Nf6 5. Bg2 Be7 6. O-O O-O 7. d3 d6 8. a4 a6 9. Re1 Rb8 10. e5 dxe5 11. Nxe5 Nxe5 12. Rxe5 Bd6 13. Re1 h6 14. a5 Bc7 15. Be3 Nd7 16. Ne4 Bxa5 17. c3 Bb6 18.
Qc2 Qe7 19. Bf4 e5 20. Be3 Nf6 21. d4 cxd4 22. cxd4 exd4 23. Bf4 Bf5 24. Nxf6+ Qxf6 25. Qb3 Rbe8 26. Bxb7 Rxe1+ 27. Rxe1 a5 28. Rc1 Bd7 29. Qd5 Be6 30. Qb5 Ba7 31. Qxa5 Bb8 32. Bd2 Rd8 33.
Be4 g5 34. b4 Be5 35. Bd3 Rb8 36. b5 Bd5 37. Re1 Qf3 38. Re4 Bxe4 39. Bxe4 Qxe4 40. b6 d3 41. Qb5 Bd4 42. h4 Rxb6 43. Qd7 Rb1+ 44.
Kh2 Rh1# 0-1

[Event "*** Titled Tuesday Blitz"]
[Site "Chess.com"]
[Date "2018.06.05"]
[Round "3"]
[White "Margency"]
[Black "Matibar"]
[Result "0-1"]
[WhiteElo "2575"]
[BlackElo "2649"]
[TimeControl "180+2"]
[EndTime "13:41:50 PDT"]
[Termination "Matibar won by resignation"]

1. e4 e5 2. Nf3 Nc6 3. Bc4 Nf6 4. d3 Be7 5. O-O O-O 6. Re1 d6 7. a4 Be6 8. Nc3 Qd7 9. h3 Rae8 10. a5 a6 11. Ng5 Kh8 12. Rf1 d5 13. exd5 Bxd5 14.
Nxd5 Nxd5 15. Qh5 Bxg5 16. Bxg5 Nd4 17. c3 Ne6 18. Bd2 Nef4 19. Bxf4 Nxf4 20. Qf3 c6 21. Rfe1 Qc7 22. Re3 f6 23. h4 Rd8 24. g3 Nd5 25.
Ree1 Ne7 26. Qe4 Qd7 27. d4 Nf5 28. dxe5 fxe5 29. Qxe5 Nxh4 30. gxh4 Qg4+ 31. Qg3 Qxc4 32. Re7 Rf7 33. Rae1 Rdf8 34. R1e4 Qd5 35. Rxf7 Qxf7 36. Rd4 h6 37. Qe3 Qg6+ 38. Qg3 Qf6 39. Kg2 Rf7 40.
b4 Qf5 41. Rd8+ Kh7 42. Qd3 Qxd3 43. Rxd3 Kg6 44. Kg3 Re7 45. Rd7 Rxd7 0-1

[Event "*** Titled Tuesday Blitz"]
[Site "Chess.com"]
[Date "2018.06.05"]
[Round "3"]
[White "TheCount"]
[Black "Iball95"]
[Result "1-0"]
[WhiteElo "2528"]
[BlackElo "2533"]
[TimeControl "180+2"]
[EndTime "13:41:50 PDT"]
[Termination "TheCount won by resignation"]

1. d4 d5 2. c4 c6 3. cxd5 cxd5 4. Nc3 Nc6 5. Bf4 Nf6 6. e3 a6 7. Rc1 Bg4 8. Qb3 Na5 9. Qa4+ Bd7 10. Qc2 e6 11.
Bd3 Be7 12. Nf3 O-O 13. O-O b5 14. a3 Rc8 15. Qe2 Nc4 16. e4 dxe4 17. Nxe4 Nxe4 18. Qxe4 g6 19. Bh6 Bc6 20. Qf4 Bd6 21. Ne5 f6 22.
Qg4 fxe5 23. Bxg6 Qf6 24. Be8+ Kh8 25. Bxf8 Bxf8 26. Bxc6 Rxc6 27. Qe4 Rd6 28. Rxc4 exd4 29. Rc6 Kg7 30. Rd1 e5 31. Rxd6 Bxd6 32. Rd3 Qh6 33. Rg3+ Kf7 34. h4 Ke6 35. Rg5 a5 36. g3 b4 37.
axb4 axb4 38. b3 Qf6 39. Qxh7 Qf3 40. Qg8+ Kd7 41. Rg7+ Be7 42. Qc4 d3 43. Qxb4 Qf6 44. Rxe7+ Qxe7 45. Qb5+ Ke6 46. Qxd3 Qc5 47. Qc4+ 1-0

[Event "*** Titled Tuesday Blitz"]
[Site "Chess.com"]
[Date "2018.06.05"]
[Round "3"]
[White "Shant_Sargsyan"]
[Black "olomi007"]
[Result "1-0"]
[WhiteElo "2907"]
[BlackElo "2643"]
[TimeControl "180+2"]
[EndTime "13:41:52 PDT"]
[Termination "Shant_Sargsyan won by resignation"]

1. d4 Nf6 2. Nf3 g6 3. c4 Bg7 4. g3 c6 5. Bg2 O-O 6. Nc3 d5 7. Qb3 Qb6 8. O-O Qxb3 9. axb3 Na6 10. Bg5 Be6 11. Ne5 Nc7 12. Rfd1 h6 13. Bf4 g5 14. Nxc6 gxf4 15. Nxe7+ Kh8 16. cxd5 Bd7 17. gxf4 Nb5 18. Nxb5 Bxb5 19. e4 Nh5 20. f5 Bf6 21. d6 Nf4 22. Bf3 Ne2+ 23. Bxe2 Bxe2 24. f4 Bh4 25. Kg2 Bxd1 26.
Rxd1 Rfe8 27. e5 Bxe7 28. dxe7 Rxe7 29. Kf3 Rc8 30. d5 Rd8 31. d6 Red7 32. f6 Kg8 33. Ke4 Kf8 34. f5 a5 35. Rc1 b5 36. Kd5 a4 37. b4 Ra7 38. Rc6 Rad7 39. e6 Ra7 40.
e7+ Ke8 41. exd8=Q+ Kxd8 42. Rb6 a3 43. bxa3 Rxa3 44.
Rb8+ Kd7 45. Rb7+ Ke8 46. Re7+ Kd8 47. Rxf7 Rd3+ 48. Kc5 Rc3+ 49. Kxb5 1-0

[Event "*** Titled Tuesday Blitz"]
[Site "Chess.com"]
[Date "2018.06.05"]
[Round "3"]
[White "bascheyaro"]
[Black "mishanick"]
[Result "0-1"]
[WhiteElo "2675"]
[BlackElo "2845"]
[TimeControl "180+2"]
[EndTime "13:41:58 PDT"]
[Termination "mishanick won by checkmate"]

1. d4 Nf6 2. Nf3 d5 3. Bf4 c5 4. e3 Nc6 5. Be2 e6 6. O-O Be7 7. dxc5 Bxc5 8. c4 O-O 9. Nc3 dxc4 10. Bxc4 a6 11. a4 Qe7 12. Qe2 h6 13. Rfd1 e5 14. Bg3 Bg4 15. h3 Bh5 16. Nd5 Nxd5 17. Rxd5 Rad8 18. Rad1 Bb4 19. Ba2 Bd6 20. Bb1 Nb4 21.
R5d2 Qe6 22. e4 Nc6 23. Qe3 Rd7 24. b4 Rfd8 25. Ba2 Qe7 26. b5 axb5 27. axb5 Nd4 28. Rb1 Bc5 29. Nxd4 Bxd4 30. Qb3 Qg5 31. Rc2 Bg6 32.
Re2 h5 33. h4 Qf6 34. Qf3 Qb6 35. Rc2 Rd6 36. Rbc1 Rf6 37. Qb3 Kh7 38. Re2 Ra8 39. Bb1 Ra5 40. Bd3 Qa7 41. Qd5 Ra3 42. Bb1 Rxg3 43. b6 Qxb6 44. Ba2 Rg4 45. Rcc2 Bxf2+ 46. Rxf2 Bxe4 47. Qxe5 Rxg2+ 48. Kf1 Rfxf2+ 49. Ke1 Rg1# 0-1

[Event "*** Titled Tuesday Blitz"]
[Site "Chess.com"]
[Date "2018.06.05"]
[Round "3"]
[White "Rish_97"]
[Black "Ind1anStar"]
[Result "0-1"]
[WhiteElo "2283"]
[BlackElo "2403"]
[TimeControl "180+2"]
[EndTime "13:41:59 PDT"]
[Termination "Ind1anStar won by resignation"]

1. e4 e6 2. d4 d5 3. Nd2 Nc6 4. Ngf3 Nf6 5. e5 Nd7 6. Nb3 f6 7. exf6 Qxf6 8. Be2 Bd6 9. O-O O-O 10. c4 Bf4 11. Re1 Ne7 12. Bf1 Ng6 13. Bxf4 Nxf4 14. Ne5 Qg5 15. g3 Nxe5 16. Rxe5 Rf5 17. Rxf5 exf5 18.
Qd2 Ne6 19. Qxg5 Nxg5 20. cxd5 a5 21. h4 a4 22. hxg5 axb3 23. Bc4 Rxa2 24. Rxa2 bxa2 25. Bxa2 Kf8 26. Kg2 Ke7 27. Kf3 Kd6 28. Kf4 g6 29.
Bc4 Bd7 30. Ke3 Be8 31. f4 Bf7 32. Be2 Bxd5 33. g4 Be4 34. gxf5 Bxf5 35. Bc4 c6 36.
Bg8 b5 37. Bxh7 c5 38. Bg8 c4 39. Bf7 Bd3 40. d5 Kc5 41. Be6 b4 42. f5 gxf5 43. Kd2 f4 44. Ke1 Kd6 45. Kf2 Ke5 46. Kf3 c3 47. bxc3 bxc3 48. d6 Kxe6 0-1

[Event "*** Titled Tuesday Blitz"]
[Site "Chess.com"]
[Date "2018.06.05"]
[Round "3"]
[White "bait_or_mate"]
[Black "Galileo22"]
[Result "0-1"]
[WhiteElo "2406"]
[BlackElo "2331"]
[TimeControl "180+2"]
[EndTime "13:42:00 PDT"]
[Termination "Galileo22 won by resignation"]

1. e4 c5 2. Nf3 d6 3. d4 cxd4 4. Nxd4 Nf6 5. f3 e5 6. Nb3 Be6 7. c4 Be7 8. Nc3 O-O 9. Be3 Nbd7 10. Be2 a6 11. O-O Rc8 12. Nd5 Bxd5 13. exd5 Ne8 14.
Rc1 f5 15. f4 b6 16. Nd2 g6 17.
b4 Nef6 18. Qa4 Ra8 19. Qb3 Kg7 20. a4 Rb8 21. Qa3 Qc7 22. Nb3 a5 23. bxa5 bxa5 24. fxe5 Ne4 25. exd6 Bxd6 26. c5 Bxh2+ 27. Kh1 Ng3+ 28.
Kxh2 Nxf1+ 29. Kg1 Nxe3 30. d6 Qc6 31. Bf3 Qa6 32. Nd4 f4 33. Ne6+ Kg8 34. c6 Ne5 35. Qc3 Nxf3+ 36. gxf3 Rf7 37. c7 Rc8 38. d7 Rxd7 39. Nc5 Qe2 40. Qb3+ Kh8 41. Qc3+ Kg8 42. Qb3+ Rf7 43. Rc2 Qxc2 0-1

[Event "*** Titled Tuesday Blitz"]
[Site "Chess.com"]
[Date "2018.06.05"]
[Round "3"]
[White "Caterpiller35"]
[Black "HanSchut"]
[Result "0-1"]
[WhiteElo "2355"]
[BlackElo "2236"]
[TimeControl "180+2"]
[EndTime "13:42:01 PDT"]
[Termination "HanSchut won by checkmate"]

1. d4 Nf6 2. Bf4 d5 3. e3 e6 4. c3 Bd6 5. Bg3 b6 6. Nd2 Bb7 7. Bd3 Ne4 8. Qg4 Nxg3 9. hxg3 g6 10. Ngf3 Nd7 11. O-O-O Nf6 12. Qh3 Ne4 13. Bxe4 dxe4 14. Ne5 Bxe5 15. dxe5 Qg5 16. Qh4 Qxe5 17. Nc4 Qg7 18. Rd4 g5 19. Qh5 Bd5 20. Rhd1 O-O-O 21. Na3 c5 22. R4d2 Bxa2 23. Nb5 Bc4 24. Nd6+ Rxd6 25. Rxd6 Bd5 26. c4 Kc7 27. R6xd5 exd5 28. Rxd5 h6 29. Qg4 Rd8 30. Qxe4 Rxd5 31. Qxd5 Qf6 32. f4 Qe6 33. e4 Qe7 34. e5 Qd7 35. Kd2 Qe6 36. Ke3 Qf5 37. Qd6+ Kb7 38. Qd5+ Ka6 39. Qe4 Qe6 40. f5 Qd7 41. e6 fxe6 42. fxe6 Qe7 43. Qe5 b5 44. cxb5+ Kxb5 45. g4 Kb4 46. Ke4 c4 47. Qd5 Qf6 48. Qd6+ Kb3 49. Qb8+ Kc2 50. Qe5 Qd8 51. e7 Qd3# 0-1

[Event "*** Titled Tuesday Blitz"]
[Site "Chess.com"]
[Date "2018.06.05"]
[Round "3"]
[White "LastHeroJr"]
[Black "Aryangholami"]
[Result "1/2-1/2"]
[WhiteElo "2526"]
[BlackElo "2539"]
[TimeControl "180+2"]
[EndTime "13:42:04 PDT"]
[Termination "Game drawn - insufficient material"]

1. e4 c5 2. Nf3 Nc6 3. d4 cxd4 4. Nxd4 e5 5. Nb5 a6 6. Nd6+ Bxd6 7. Qxd6 Qe7 8. Qd1 Nf6 9. Nc3 d6 10. Be2 O-O 11. O-O b5 12. Bg5 Be6 13. Bxf6 Qxf6 14. Qxd6 Nd4 15. Bd3 Qg5 16. f4 Qh5 17. f5 Bc4 18.
Qxe5 Rad8 19. Nd5 Nc6 20. Qc7 Rc8 21. Ne7+ Nxe7 22. Qxe7 Bxd3 23. cxd3 Rc2 24. Rf2 Rxf2 25. Kxf2 Qxh2 26. Qg5 h6 27. Qg3 Qh5 28. Rc1 Rd8 29. Qf3 Qxf3+ 30. Kxf3 Rxd3+ 31. Kf4 Rd2 32. Rc8+ Kh7 33.
Rc7 f6 34. Ra7 Rxg2 35. Rxa6 Rxb2 36. Ra7 h5 37. Ra8 h4 38. Kg4 Rb4 39. Re8 Ra4 40.
Kxh4 Rxa2 41. e5 fxe5 42. Rxe5 b4 43. Rb5 Rb2 44. Kg5 b3 45. Rb7 Rb1 46. f6 b2 47.
f7 Rg1+ 48. Kh4 g5+ 49. Kh5 Kg7 50. Rxb2 Kxf7 51. Rb5 Kf6 52. Rb6+ Kf5 53. Rb5+ Kf4 54. Rb4+ Ke3 55. Rg4 Rxg4 56. Kxg4 Ke4 57. Kxg5 1/2-1/2

[Event "*** Titled Tuesday Blitz"]
[Site "Chess.com"]
[Date "2018.06.05"]
[Round "3"]
[White "Firouzja2003"]
[Black "OK97"]
[Result "1-0"]
[WhiteElo "2952"]
[BlackElo "2659"]
[TimeControl "180+2"]
[EndTime "13:42:05 PDT"]
[Termination "Firouzja2003 won by resignation"]

1. e4 e5 2. Nf3 Nc6 3. Bb5 Bc5 4. O-O Nd4 5. Bc4 d6 6. Nxd4 Bxd4 7. c3 Bb6 8. d3 Nf6 9. a4 a5 10. Bg5 h6 11. Bh4 g5 12. Bg3 Bg4 13. Qb3 Qe7 14. Kh1 Nh5 15. Na3 Nf4 16. Nc2 Be2 17. Rfe1 Bxd3 18.
Bxd3 Nxd3 19. Qb5+ Kf8 20. Qxd3 h5 21. h3 h4 22. Bh2 g4 23. Ne3 gxh3 24. gxh3 Qf6 25. Nf5 Rd8 26. Rg1 c6 27. Rg2 d5 28. Rag1 Bc5 29. Qe2 d4 30. Qg4 Ke8 31. cxd4 Bxd4 32. Nxd4 Rxd4 33. Qc8+ Ke7 34. Qxb7+ Rd7 35. Qb6 Rh5 36.
Qc5+ Qd6 37. Qxd6+ Rxd6 38. Rg5 Rxg5 39. Rxg5 f6 40. Rg7+ Ke6 41. Rc7 Rd4 42. Rxc6+ Kf7 43. b3 Rxe4 44. Rc5 Rb4 45. Rb5 Rd4 46. Kg2 Rd3 47.
Bg1 Kg6 48. f3 Rd2+ 49. Bf2 Rb2 50. Rxa5 Rxb3 51. Bxh4 Rb4 52. Bf2 Kf5 53. Ra8 Rb7 54. a5 Rg7+ 55. Bg3 Rd7 56. a6 Rd2+ 57. Bf2 Kf4 58. a7 1-0

[Event "*** Titled Tuesday Blitz"]
[Site "Chess.com"]
[Date "2018.06.05"]
[Round "3"]
[White "attack2mateU"]
[Black "ehrenfeld"]
[Result "1-0"]
[WhiteElo "2683"]
[BlackElo "2455"]
[TimeControl "180+2"]
[EndTime "13:42:05 PDT"]
[Termination "attack2mateU won by resignation"]

1. e4 e5 2. Nf3 Nc6 3. d4 exd4 4. Nxd4 Bc5 5. Nb3 Bb6 6. Nc3 d6 7. Qe2 Nge7 8. Be3 O-O 9. O-O-O f5 10. exf5 Nxf5 11.
Bxb6 axb6 12. Kb1 Kh8 13. g3 Bd7 14. Bg2 Ne5 15. f4 Nc6 16. Rhe1 h6 17. Nd5 Rc8 18. Qd2 Re8 19. Be4 Be6 20. Re2 Qd7 21. Rde1 Bxd5 22. Qxd5 Rf8 23. a3 Qf7 24. Qd3 Nfe7 25. Nd2 Rce8 26.
Nf3 d5 27. Bxd5 Nxd5 28. Rxe8 Rxe8 29. Rxe8+ Qxe8 30. Qxd5 Qe2 31. Nh4 b5 32. Ng6+ Kh7 33. f5 b4 34. a4 b3 35. Qxb3 Qf1+ 36. Ka2 Qxf5 37. Nf4 Qe4 38. c3 Qh1 39. h4 Qe1 40. Qxb7 Qxg3 41. Qxc6 Qxf4 42. h5 Kh8 43. a5 Qe5 44. a6 Qxh5 45. b4 Qh2+ 46. Kb3 Qf2 47. Qa8+ Kh7 48. a7 Qd2 49. Qe4+ g6 50. a8=Q 1-0

[Event "*** Titled Tuesday Blitz"]
[Site "Chess.com"]
[Date "2018.06.05"]
[Round "3"]
[White "ezkybel"]
[Black "matiss90"]
[Result "0-1"]
[WhiteElo "2338"]
[BlackElo "2359"]
[TimeControl "180+2"]
[EndTime "13:42:05 PDT"]
[Termination "matiss90 won by resignation"]

1. e4 c5 2. Nf3 d6 3. d4 cxd4 4. Nxd4 Nf6 5. Nc3 g6 6. Be2 Bg7 7. O-O O-O 8. Kh1 Nc6 9. Nb3 Be6 10. f4 Qc8 11. Bf3 Rd8 12. Nd5 Bxd5 13. exd5 Nb4 14.
c3 Na6 15. Re1 Qd7 16. Qe2 Re8 17. Be3 b6 18. Bd4 Nc5 19. h4 h5 20. Qc2 a5 21.
Re2 Rac8 22. Rae1 Kf8 23. a3 Qf5 24. Qxf5 gxf5 25. Nxc5 bxc5 26. Bf2 Ng4 27. Bxg4 hxg4 28. g3 a4 29. Kg2 Rb8 30. Be3 Bf6 31. Bc1 c4 32.
Be3 Rb5 33. Rd2 Reb8 34. Ree2 Ra5 35. Bd4 Rbb5 36. Bxf6 exf6 37. Rd4 Rc5 38. h5 Ra8 39. Kg1 Kg7 40. Re7 Rb8 41. Rd2 Rbb5 42. h6+ Kxh6 43. Rxf7 Kg6 44. Ra7 Rxd5 45. Rxd5 Rxd5 46. Rxa4 Rd1+ 47. Kf2 d5 48. Rb4 Rd2+ 49. Kf1 Rd1+ 50. Ke2 Rd3 51. Kf2 Rd2+ 52. Kg1 Kf7 53. Rb7+ Ke6 54. Rb6+ Ke7 55. a4 Kd7 56. a5 Kc7 57. Ra6 Rxb2 58. Rxf6 d4 59. Rf7+ Kc6 60. a6 dxc3 61. a7 Ra2 62. Rf6+ Kd5 63. Rxf5+ Kd4 64. Rf8 c2 65. Rd8+ Kc3 0-1

[Event "*** Titled Tuesday Blitz"]
[Site "Chess.com"]
[Date "2018.06.05"]
[Round "3"]
[White "murmah2003"]
[Black "twitchTriniCupid"]
[Result "1/2-1/2"]
[WhiteElo "2474"]
[BlackElo "2267"]
[TimeControl "180+2"]
[EndTime "13:42:06 PDT"]
[Termination "Game drawn by agreement"]

1. Nf3 Nf6 2. c4 c6 3. Nc3 d6 4. d4 Bg4 5. e3 e5 6. dxe5 Bxf3 7. Qxf3 dxe5 8. Be2 Nbd7 9. O-O Qc7 10. a3 a5 11. b3 Nc5 12. Rb1 Be7 13. b4 axb4 14. axb4 Ne6 15. c5 O-O 16. Bc4 Ng5 17. Qf5 h6 18. h4 Ngh7 19. e4 Kh8 20. h5 Rae8 21. Be3 Qd7 22. Qxd7 Nxd7 23. f3 Rd8 24. Rfd1 Bg5 25.
Bf2 Ndf6 26. g4 Bf4 27. Kg2 Ng5 28. b5 Rxd1 29. Rxd1 Ne6 30. Bxe6 fxe6 31. b6 Ra8 32. Ne2 Kg8 33. Nxf4 exf4 34. Bd4 Rd8 35. Rd2 e5 36. Bc3 Rxd2+ 37. Bxd2 Nd7 38. Bb4 Kf7 39. Kh3 Ke6 40. Ba3 Nf6 41. Bb4 Nh7 42. Be1 Nf8 43. Bf2 Nd7 44. Kh4 Nf6 45. g5 Nh7 46. gxh6 gxh6 47.
Kg4 Nf6+ 48. Kh4 Nd7 49. Kg4 Nf6+ 50. Kh4 Nd7 51. Bg1 Nf6 52. Bf2 Nd7 53. Kh3 Nf6 54. Kh4 Nd7 55. Bg1 Nf6 1/2-1/2

[Event "*** Titled Tuesday Blitz"]
[Site "Chess.com"]
[Date "2018.06.05"]
[Round "3"]
[White "Man-Chuk"]
[Black "Slovak_fighter2000"]
[Result "1-0"]
[WhiteElo "2612"]
[BlackElo "2379"]
[TimeControl "180+2"]
[EndTime "13:42:06 PDT"]
[Termination "Man-Chuk won by resignation"]

1. e4 e6 2. d4 d5 3. Nd2 a6 4. Ngf3 c5 5. exd5 exd5 6. dxc5 Bxc5 7. Nb3 Bb6 8. Be2 Nf6 9. O-O O-O 10. Bg5 h6 11. Bh4 g5 12. Bg3 Ne4 13. Nfd4 Nc6 14. c3 Qf6 15. Bf3 Nxg3 16. hxg3 Be6 17. Qd2 Ne5 18.
Rad1 Nxf3+ 19. Nxf3 Rad8 20. Nfd4 Bg4 21. Rde1 Rfe8 22.
Rxe8+ Rxe8 23. Re1 Re5 24. a4 Qe7 25. Rxe5 Qxe5 26.
a5 Ba7 27. Nc2 Qxg3 28. Nbd4 Qe5 29. Ne3 Be6 30. b4 Bb8 31. Nf1 Qf4 32. Qe2 Qe5 33.
Qd3 Kg7 34. b5 axb5 35. Qxb5 Qc7 36. Qe8 Qd6 37. g3 Bd7 38. Qd8 Bh3 39. Qxd6 Bxd6 40. Ne3 Be6 41. Nef5+ Kf6 42. Nxd6 Ke5 43. Nxb7 Bc8 44.
a6 f5 45. Nc5 1-0